 Dungeon Crawl Stone Soup version 0.30-a0-760-g5a9884bb7c (webtiles) character file.

Game seed: 6350144321637126925

67 jlumianski the Trooper (level 3, -1/29 HPs)
             Began as a Demonspawn Fighter on Feb 10, 2023.
             Slain by a gnoll
             ... wielding a +0 flail
              (6 damage)
             ... on level 2 of the Dungeon.
             The game lasted 00:10:30 (1894 turns).

jlumianski the Trooper (Demonspawn Fighter)         Turns: 1894, Time: 00:10:30

Health: -1/29      AC:  8    Str: 18    XL:     3   Next: 98%
Magic:  3/3        EV:  9    Int:  9    God:
Gold:   94         SH:  4    Dex: 12    Spells: 2/2 levels left

rFire   . . .      SeeInvis .    a - +0 war axe
rCold   . . .      Faith    .    c - +0 buckler
rNeg    . . .      Spirit   .    b - +0 scale mail
rPois   .          Reflect  .    (no helmet)
rElec   .          Harm     .    i - +0 cloak
rCorr   .          Rampage  .    (no gloves)
Will    .....                    (no boots) Stlth
                                 (no amulet)
HPRegen 0.24/turn                o - ring of flight
MPRegen 0.08/turn                (no ring)

@: flying
A: powered by pain 1, weakness stinger 1
a: no special abilities


You were on level 2 of the Dungeon.
You visited 1 branch of the dungeon, and saw 3 of its levels.

You collected 94 gold pieces.

Inventory:

Hand Weapons
 a - a +0 war axe (weapon)
Missiles
 j - 7 boomerangs (quivered)
 q - 14 stones
Armour
 b - a +0 scale mail (worn)
 c - a +0 buckler (worn)
 i - a +0 cloak (worn)
 r - a +0 pair of gloves
Magical Staves
 t - a staff of poison
Jewellery
 o - a ring of flight (left hand)
Scrolls
 e - 2 scrolls of noise {unknown}
 g - 2 scrolls of butterflies {unknown}
 h - 2 scrolls of teleportation {unknown}
 m - a scroll of enchant armour {unknown}
 n - a scroll of identify {unknown}
 s - a scroll of enchant weapon {unknown}
Potions
 d - a potion of might
 f - 2 potions of brilliance {unknown}
 k - a potion of heal wounds {unknown}
 l - a potion of curing {unknown}
 p - 2 potions of haste {unknown}


   Skills:
 + Level 3.4 Fighting
 + Level 2.4 Axes
 + Level 3.2 Armour
 + Level 0.2 Dodging
 + Level 3.2 Shields


You had 2 spell levels left.
You didn't know any spells.
Your spell library was empty.

Dungeon Overview and Level Annotations

Branches:
Dungeon (3/15)

Altars:

Shops:
D:2 (

Annotations:
D:3 Jessica


Innate Abilities, Weirdness & Mutations

You sometimes gain a little power by taking damage.
You have a small tail.


Message History

Done exploring.
Search for what [? for help]? shop You see here a +0 club.
There is an open door here.
There is an open door here.
There is an open door here.
Things that are here:
a +0 club; a +0 sling
There is an entrance to Jugedoalidgh's Weapon Shoppe here.
Unknown command.
There is a stone staircase leading down here.
You fly downwards.
There is a stone staircase leading up here.
You reach down and open the door.
There is an open door here.
Found a sling.
A gnoll comes into view. It is wielding a +0 spear.
Found a spear.
The gnoll shouts!
You hear a shout!
Jessica the Apprentice Sorceress comes into view.
She is wielding a +0 club.
A gnoll comes into view. It is wielding a +0 flail.
There is an open door here.
A gnoll comes into view. It is wielding a +0 club.
The gnoll misses you. The gnoll hits you with a +0 flail!
The gnoll barely misses you. The gnoll hits you with a +0 club!
There is a stone staircase leading up, spattered with blood here.
The gnoll hits you but does no damage. The gnoll hits you with a +0 flail.
The gnoll hits you from afar with a +0 spear.
* * * LOW HITPOINT WARNING * * *
You fly upwards.
There is a stone staircase leading down here.
You hit the gnoll.
The gnoll is moderately wounded.
You closely miss the gnoll. The gnoll closely misses you.
The gnoll hits you with a +0 flail.
* * * LOW HITPOINT WARNING * * *
You slash the gnoll!
You kill the gnoll!
You closely miss the gnoll. The gnoll hits you with a +0 flail.
You die...

#.............##..# #.....#
#.............##..# #.....#
#####.............##..# #.....#
#........#..#.....'...# #.....#
#.###.####..#.....#...# #.....#
#.#<........######....# #.....##
#.##.####...#.......#.# #.....##
#.#.........##.....##.###.....##
#.#.>#........g@)..<....'..[..'.
#.####...################.....##
#.......#........)..............
########...######################
.......#.∩.#.....................
########...##.............#######
#........#..'.............'......
#......##.###.............#######
.......##.###.............# #


You could see a gnoll.

Vanquished Creatures
  2 adders (D:2)
  A gnoll (D:2)
  2 worms (D:2)
  2 bats
  6 endoplasms
  A giant cockroach (D:1)
  5 goblins
  A hobgoblin (D:1)
  7 jackals
  2 quokkas (D:2)
  2 ball pythons
  3 kobolds
  7 rats
41 creatures vanquished.

Notes
Turn   | Place    | Note
-------+----------+-------------------------------------------
     0 | D:1      | jlumianski the Demonspawn Fighter began the quest for the
                  | Orb.
     0 | D:1      | Reached XP level 1. HP: 18/18 MP: 1/1
   155 | D:2      | Gained mutation: You have a small tail. [demonic ancestry]
   155 | D:2      | Reached XP level 2. HP: 9/24 MP: 2/2
   220 | D:2      | Found Jugedoalidgh's Weapon Shoppe.
   468 | D:2      | Gained mutation: You sometimes gain a little power by
                  | taking damage. [demonic ancestry]
   468 | D:2      | Reached XP level 3. HP: 29/29 MP: 3/3
  1876 | D:3      | Noticed Jessica
  1894 | D:2      | Slain by a gnoll

Illustrated notes

Levels and vault maps discovered:
D:1:      dpeg_arrival_tiny_e, layout_basic, dreamdust_princess_corridor,
          chequers_serial_rivers_micro_d
D:2:      layout_basic, serial_shops, nicolae_shop_stone
D:3:      layout_basic, lemuel_crystal_altar, serial_curves, eino_curves_03,
          eino_curves_04, eino_curves_04, eino_curves_01, minmay_door_square,
          uniq_jessica

Skill      XL: |  1  2 |
---------------+-------+-----
Shields        | 3 |  3.2
Axes           | 2 |  2.4
Armour         | 3 |  3.2
Fighting       | |  3.4
Dodging        | |  0.2

Action                     || total
---------------------------++-------
  Melee: War axe           ||   118
         Tailslap          ||    12
 Armour: Scale mail        ||    92
  Dodge: Dodged            ||    59
  Block: Buckler           ||    28

Table legend: (Time is in decaauts)
 A = Elapsed time spent in this place.
 B = Non-inter-level travel time spent in this place.
 C = Inter-level travel time spent in this place.
 D = Time resting spent in this place.
 E = Time spent auto-exploring this place.
 F = Levels seen in this place.
 G = Mean time per level.
                   A        B        C        D        E       F      G
               +--------+--------+--------+--------+--------+-----+--------+
         Total |   1945 |   1852 |     93 |      0 |   1090 |   3 |  648.3 |
       Dungeon |   1945 |   1852 |     93 |      0 |   1090 |   3 |  648.3 |
               +--------+--------+--------+--------+--------+-----+--------+

Top non-repeatable levels by time:
     D:2: 1106 daAuts
     D:1: 804 daAuts
     D:3: 34 daAuts
